 Dungeon Crawl Stone Soup version 0.26-a0-1060-g086102a3f0 (webtiles) character file.

Game seed: 5932820714117317346

73 sokol815 the Skirmisher (level 4, -5/40 HPs)
             Began as a Draconian Fighter on Dec 13, 2020.
             Was an Initiate of Dithmenos.
             Slain by Robin
             ... wielding a +1 vorpal trident
              (6 damage)
             ... on level 2 of the Dungeon.
             The game lasted 00:02:20 (958 turns).

sokol815 the Skirmisher (Draconian Fighter)          Turns: 958, Time: 00:02:20

Health: -5/40      AC:  5    Str: 18    XL:     4   Next: 8%
Magic:  4/4        EV: 10    Int:  9    God:    Dithmenos [......]
Gold:   86         SH:  9    Dex: 11    Spells: 3/3 levels left

rFire    . . .     SeeInvis .   a - +0 long sword
rCold    . . .     Faith    .   b - +0 kite shield
rNeg     . . .     Spirit   .   (armour unavailable)
rPois    .         Reflect  .   (helmet restricted)
rElec    .         Harm     .   (no cloak)
rCorr    .         Rampage  .   (no gloves)
Will     .....                  (no boots)
Stlth    +.........             (no amulet)
HPRegen  0.13/turn              (no ring)
MPRegen  0.09/turn              (no ring)

@: no status effects
A: unfitting armour, cold-blooded, AC +5
a: Renounce Religion


You were on level 2 of the Dungeon.
You worshipped Dithmenos.
Dithmenos was noncommittal.
You visited 1 branch of the dungeon, and saw 2 of its levels.

You collected 86 gold pieces.

Inventory:

Hand Weapons
 a - a +0 long sword (weapon)
 e - a +0 dagger
Missiles
 d - 35 stones (quivered)
Armour
 b - a +0 kite shield (worn)
Scrolls
 i - 2 scrolls of enchant weapon {unknown}
 j - a scroll of magic mapping {unknown}
 k - a scroll of teleportation {unknown}
Potions
 c - a potion of might
 f - 3 potions of heal wounds {unknown}
 g - 2 potions of flight {unknown}
 h - a potion of brilliance {unknown}


   Skills:
 + Level 4.1 Fighting
 * Level 3.8 Long Blades
 - Level 2.6 Dodging
 - Level 3.0 Shields


You had 3 spell levels left.
You didn't know any spells.
Your spell library was empty.

Dungeon Overview and Level Annotations

Branches:
Dungeon (2/15)

Altars:
Dithmenos

Annotations:
D:2 Robin


Innate Abilities, Weirdness & Mutations

Your plain brown scales are hard. (AC +5)
You cannot fit into any form of body armour.
You are cold-blooded and may be slowed by cold attacks.


Message History

You kill the goblin!
Dithmenos accepts your kill.
Robin roars a battlecry!
The hobgoblin goes into a battle-frenzy!
You barely miss the hobgoblin.
Your tail-slap misses the hobgoblin.
You block the hobgoblin's attack.
Robin hits you from afar with a +1 vorpal trident!
* * * LOW HITPOINT WARNING * * *
x2 The hobgoblin closely misses you.
You slash the hobgoblin!
You kill the hobgoblin!
Dithmenos accepts your kill.
Robin hits you with a +1 vorpal trident!
* * * LOW HITPOINT WARNING * * *
x2 You see here 2 stones.
You hit Robin.
Robin is moderately wounded.
You block Robin's attack.
Robin hits you with a +1 vorpal trident.
You die...

.........##.....#
#..._...####....# .#
.........##.[...# .#
................#########.###
##.....##..............)....##.
##..#..###.....................
#..###..##......##.............
...###..........##.............
....#......>...)@g....)........
.......###########....)(.......
...##### ##............ ####
#............ #............
#.........##. #.....#####
#######


You could see Robin.

Vanquished Creatures
  An adder (D:2)
  A worm (D:2)
  2 dart slugs (D:1)
  4 bats
  4 giant cockroaches
  14 goblins
  5 hobgoblins
  4 jackals (D:1)
  4 ball pythons
  2 frilled lizards (D:1)
  8 kobolds
  5 rats (D:2)
54 creatures vanquished.

Notes
Turn   | Place    | Note
-------+----------+-------------------------------------------
     0 | D:1      | sokol815 the Draconian Fighter began the quest for the Orb.
     0 | D:1      | Reached XP level 1. HP: 19/19 MP: 1/1
    63 | D:1      | Reached XP level 2. HP: 26/26 MP: 2/2
   326 | D:1      | Reached XP level 3. HP: 33/33 MP: 3/3
   764 | D:2      | Reached skill level 4 in Fighting
   874 | D:2      | Found a shadowy altar of Dithmenos.
   882 | D:2      | Became a worshipper of Dithmenos the Shadowed
   921 | D:2      | Noticed Robin
   945 | D:2      | Reached XP level 4. HP: 32/40 MP: 4/4
   957 | D:2      | HP: 2/40 [Robin/+1 vorpal trident (8)]
   958 | D:2      | Slain by Robin

Illustrated notes

Levels and vault maps discovered:
D:1:      dpeg_arrival_rooms_a, layout_basic
D:2:      layout_rooms, st_stairs_3, nicolae_dithmenos_shadow_blocks, uniq_robin

Skill      XL: |  1  2  3 |
---------------+----------+-----
Long Blades    | 3 |  3.8
Fighting       | 4 |  4.1
Dodging        | |  2.6
Shields        | |  3.0

Action                   |  1- 3 |  4- 6 || total
-------------------------+-------+-------++-------
Melee: Long sword        |   123 |    10 ||   133
       Tailslap          |    12 |       ||    12
Armor: Skin              |    37 |     4 ||    41
Dodge: Dodged            |    61 |     4 ||    65
Block: Kite shield       |    70 |     5 ||    75
       Rpst.: Long sword |    18 |     1 ||    19

Table legend: (Time is in decaauts)
 A = Elapsed time spent in this place.
 B = Non-inter-level travel time spent in this place.
 C = Inter-level travel time spent in this place.
 D = Time resting spent in this place.
 E = Time spent auto-exploring this place.
 F = Levels seen in this place.
 G = Mean time per level.
                   A        B        C        D        E       F      G
               +--------+--------+--------+--------+--------+-----+--------+
         Total |   1001 |    979 |     22 |     81 |    580 |   2 |  500.5 |
       Dungeon |   1001 |    979 |     22 |     81 |    580 |   2 |  500.5 |
               +--------+--------+--------+--------+--------+-----+--------+

Top non-repeatable levels by time:
     D:1: 643 daAuts
     D:2: 357 daAuts
